AoeStats
← BottleDry

MegaRandom

507116478Analyzed
4v4 RM · 16d ago on Sep 16, 2026· 26m 55s· 8 players
Game mode
Random Map
Map size
Large (8 player)
Population
200
Speed
Normal
Resources
Standard
Victory
Conquest
Starting age
Dark Age
Ending age
Imperial Age
RankedLock teamsTeams togetherTeam positionsShared explorationLock speedFull tech treeHidden civsTurbo modeCheats
Victory
Defeat
🇲🇽 Franks · Mexico
993
+14
🇲🇽 Japanese · Mexico
963
+15
🇩🇪 Mapuche · Germany
930
+16
🇺🇸 Magyars · United States
921
+17
🇩🇪 Ethiopians · Germany
988
-44
🇮🇳 Aztecs · India
943
-43
🇩🇪 Hindustanis · Germany
917
-15
🇩🇪 Romans · Germany
907
-14
Shark
6:41 Loom
11:35 Feudal Age
15:21 Castle Age
14:40 Double-Bit Axe
14:38 Horse Collar
17:30 Bow Saw
20:32 Heavy Plow
21:56 Fletching
25:40 Bodkin Arrow
27:01 Padded Archer Armor
SirRichy2013
2:28 Loom
12:32 Feudal Age
17:32 Castle Age
16:07 Double-Bit Axe
17:54 Stone Mining
19:12 Horse Collar
20:10 Gold Mining
27:31 Wheelbarrow
BottleDry
5:09 Loom
11:15 Feudal Age
12:00 Double-Bit Axe
12:46 Horse Collar
21:24 Castle Age
21:43 Scale Mail Armor
21:49 Scale Barding Armor
22:23 Bloodlines
22:13 Husbandry
23:02 Heavy Plow
22:46 Pikeman
24:05 Gold Mining
25:28 Bow Saw
25:57 Chain Mail Armor
25:29 Arson
27:24 Wheelbarrow
VicRoldanG
0:41 Loom
13:25 Feudal Age
15:21 Wheelbarrow
17:02 Castle Age
15:42 Stone Mining
21:19 Double-Bit Axe
22:08 Forging
Cramgee
13:30 Feudal Age
11:48 Loom
13:34 Man-at-Arms
19:52 Castle Age
17:55 Double-Bit Axe
20:45 Long Swordsman
21:45 Scale Mail Armor
24:38 Squires
25:56 Chain Mail Armor
25:54 Forging
tobinho_125
9:17 Loom
11:57 Feudal Age
16:06 Castle Age
14:59 Double-Bit Axe
17:10 Horse Collar
22:37 Wheelbarrow
22:01 Town Watch
23:28 Bow Saw
M@xAttacks
11:37 Feudal Age
16:32 Castle Age
14:22 Double-Bit Axe
14:21 Horse Collar
17:02 Stone Mining
17:24 Bow Saw
19:02 Heavy Plow
24:46 Wheelbarrow
23:57 Loom
24:42 Gold Mining
25:54 Town Watch
26:50 Gold Shaft Mining
alphadoc28
13:36 Feudal Age
14:26 Man-at-Arms
16:18 Horse Collar
16:26 Double-Bit Axe
17:14 Scale Mail Armor
18:40 Forging
19:24 Gold Mining
22:54 Castle Age
Connection lost

Rejoining the realm…

Still unreachable

The connection could not be restored.

Session expired

The server has moved on; the page needs a fresh start.